 Dungeon Crawl Stone Soup version 0.20.1-1-g8b1a95d (webtiles) character file.

14 Linguinho the Caller (level 2, 0/19 HPs)
             Began as a Demonspawn Summoner on Nov 5, 2017.
             Slain by a kobold
             ... wielding a +0 short sword
              (4 damage)
             ... on level 1 of the Dungeon.
             The game lasted 00:01:52 (841 turns).

Linguinho the Caller (Demonspawn Summoner)           Turns: 841, Time: 00:01:53

Health: 0/19       AC:  3    Str:  8    XL:     2   Next: 31%
Magic:  2/5        EV: 12    Int: 16    God:
Gold:   63         SH:  0    Dex: 13    Spells: 2/5 levels left

rFire    . . .     SeeInvis .   (no weapon)
rCold    . . .     Gourm    .   (no shield)
rNeg     . . .     Faith    .   a - +0 robe
rPois    .         Spirit   .   (no helmet)
rElec    .         Reflect  .   (no cloak)
rCorr    .         Harm     .   (no gloves)
MR       .....                  (no boots)
Stlth    ++........             (no amulet)
Regen    0.1/turn               (no ring)
MPRegen  0.1/turn               (no ring)

@: no status effects
A: rugged brown scales 1
a: no special abilities


You were on level 1 of the Dungeon.
You were not hungry.

You visited 1 branch of the dungeon, and saw 1 of its levels.

You collected 63 gold pieces.

Inventory:

Armour
 a - a +0 robe (worn)
Scrolls
 e - a scroll of enchant armour {unknown}
 h - a scroll of identify {unknown}
Potions
 d - a potion of lignification {unknown}
 g - a potion of flight {unknown}
 i - a potion of curing {unknown}
Books
 b - a book of Callings

   Spells                             Type                      Level
   a - Summon Small Mammal            Summoning                    1
   b - Call Imp                       Summoning                    2
   c - Call Canine Familiar           Summoning                    3
   d - Summon Guardian Golem          Hexes/Summoning              3
   e - Summon Lightning Spire         Summoning/Air                4
   f - Summon Ice Beast               Ice/Summoning                4
Comestibles
 c - a bread ration
 f - a royal jelly


   Skills:
 + Level 1.8 Dodging
 + Level 1.9 Stealth
 + Level 2.1 Spellcasting
 + Level 4.4 Summonings


You had 2 spell levels left.
You knew the following spells:

 Your Spells              Type           Power        Failure   Level  Hunger
a - Summon Small Mammal   Summ           ###.         3%          1    #......
b - Call Imp              Summ           ###.....     4%          2    ###....


Dungeon Overview and Level Annotations

Branches:
Dungeon (1/15)

Altars:


Innate Abilities, Weirdness & Mutations

You are partially covered in rugged brown scales. (AC +1, +3% HP)


Message History

You are too injured to fight recklessly!
You are too injured to fight recklessly!
You are too injured to fight recklessly!
You are too injured to fight recklessly!
You are too injured to fight recklessly!
You hit the kobold but do no damage.
Your quokka bites the kobold.
The kobold hits you with a short sword.
* * * LOW HITPOINT WARNING * * *
Your crimson imp hits the kobold but does no damage.
Your quokka misses the kobold. You hit the kobold but do no damage.
The kobold is moderately wounded.
The kobold hits you with a short sword.
* * * LOW HITPOINT WARNING * * *
Your quokka barely misses the kobold.
Your crimson imp barely misses the kobold.
You hit the kobold but do no damage.
The kobold is moderately wounded.
Your quokka bites the kobold.
The kobold hits you with a short sword.
You die...

#. ##...# #.##≈ #.
#..#.# #.#≈≈ #.
#.##.# #.#≈≈ #.
#.##.# #.#§≈ #.
#.##.# #.#§§
#.##.##.##### #.#§§
#..#.##.....###.#≈§
#.†.######.....#§§
#@.## ####..#§§
#...Kr.....# ##)##≈
#.....5......#
#..##
#..............#
#....
#..............#
#.###
#.........!....#
#.# #
#........![....#
#.#
#..............#
#.### #....


You could see a kobold, a friendly crimson imp and a friendly quokka.

Vanquished Creatures
  A bat (D:1)
  A goblin (D:1)
  A hobgoblin (D:1)
  A kobold (D:1)
4 creatures vanquished.

Vanquished Creatures (collateral kills)
  2 goblins (D:1)
  4 hobgoblins (D:1)
  A bat (D:1)
  5 kobolds (D:1)
  2 rats (D:1)
14 creatures vanquished.

Grand Total: 18 creatures vanquished

Notes
Turn   | Place    | Note
-------+----------+-------------------------------------------
     0 | D:1      | Linguinho the Demonspawn Summoner began the quest for the Orb.
     0 | D:1      | Reached XP level 1. HP: 13/13 MP: 3/3
   395 | D:1      | Gained mutation: You are partially covered in rugged brown scales. (AC +1, +3% HP) [demonic ancestry]
   395 | D:1      | Reached XP level 2. HP: 12/19 MP: 1/5
   399 | D:1      | Learned a level 2 spell: Call Imp
   841 | D:1      | Slain by a kobold

Action                   || total
-------------------------++-------
Melee: Unarmed           ||    68
 Cast: Summon Small Mamm ||    16
       Call Imp          ||     5
 Stab: Distracted        ||     3
Armor: Robe              ||     9
Dodge: Dodged            ||    51
